Map: Blackpink LE

Players

FlamingGPU

  • Race: Protoss Protoss
  • Spawn Location: 1:00

Juxtapose - Winner!

  • Race: Protoss Protoss
  • League: Gold
  • Spawn Location: 7:00

VOD

https://youtu.be/92pHOGfVYwU

Description

Time

  • Played on: Nov. 18, 2017, 4:57 p.m.
  • Length: 6:46
Show
View Real Time Build Order
Export as new Build Order

FlamingGPU Protoss 

Build Orders: Double Forge 

Get SALT Encoding   

  12  0:01  Probe  
  13  0:15  Pylon  
  13  0:18  Probe  
  14  0:30  Probe (Chrono Boost)  
  15  0:40  Probe (Chrono Boost)  
  15  0:41  Gateway  
  16  0:44  Probe  
  17  0:56  Assimilator, Probe  
  18  0:58  Assimilator  
  18  1:08  Probe  
  19  1:21  Probe (Chrono Boost)  
  21  1:33  Probe (Chrono Boost)  
  21  1:35  Probe  
  22  1:47  Pylon  
  22  1:50  Pylon  
  22  1:54  Pylon  
  22  2:05  Zealot  
  24  2:10  Nexus  
  24  2:18  Pylon  
  24  2:22  Probe  
  25  2:33  Cybernetics Core  
  25  2:34  Probe  
  26  2:40  Zealot  
  28  2:47  Probe  
  29  2:59  Probe  
  30  3:12  Warp Gate (Chrono Boost), Probe  
  31  3:22  Probe (Chrono Boost)  
  31  3:25  Probe (Chrono Boost)  
  33  3:30  Stalker  
  37  3:34  Probe x2 (Chrono Boost)  
  37  3:37  Probe  
  37  3:38  Probe  
  39  3:49  Gateway, Probe  
  39  3:50  Gateway, Probe  
  39  3:52  Gateway  
  41  4:01  Probe  
  41  4:02  Probe  
  42  4:09  Stalker  
  44  4:13  Probe  
  44  4:14  Probe  
  46  4:24  Assimilator  
  46  4:25  Probe  
  46  4:26  Probe  
  46  4:27  Assimilator  
  48  4:32  Forge  
  48  4:33  Forge  
  48  4:37  Twilight Council  
  48  4:38  Pylon  
  48  4:41  Pylon  
  48  5:00  Probe x2  
  50  5:09  Stalker x2  
  50  5:10  Stalker x2  
  50  5:12  Probe x2  
  60  5:15  Pylon  
  60  5:20  Pylon  
  60  5:35  Robotics Facility  
  60  5:43  Pylon  
  60  5:47  Pylon  
  60  5:49  Probe  
  61  5:50  Pylon  
  60  5:58  Stalker x3  
  60  6:04  Zealot  
  44  6:22  Stalker x3  
  41  6:27  Stalker  
Show
View Real Time Build Order
Export as new Build Order

Juxtapose Protoss - Winner!

Build Orders:  

Get SALT Encoding   

  12  0:01  Probe  
  13  0:13  Probe (Chrono Boost)  
  14  0:19  Pylon  
  14  0:25  Probe (Chrono Boost)  
  15  0:37  Probe  
  15  0:39  Gateway  
  16  0:49  Probe  
  17  0:54  Assimilator  
  17  0:58  Pylon  
  17  1:01  Probe  
  18  1:13  Probe  
  19  1:28  Cybernetics Core  
  19  1:36  Pylon  
  19  1:37  Zealot (Chrono Boost), Assimilator  
  22  1:40  Probe  
  22  1:52  Probe  
  23  1:57  Pylon  
  23  2:04  Probe  
  23  2:07  Sentry  
  26  2:10  Warp Gate (Chrono Boost)  
  26  2:16  Probe  
  26  2:22  Gateway  
  27  2:26  Pylon  
  27  2:28  Probe  
  28  2:44  Gateway  
  28  2:54  Forge  
  28  3:01  Shield Battery  
  28  3:05  Stalker  
  30  3:17  Gateway  
  30  3:23  Stalker  
  32  3:28  Protoss Ground Weapons Level 1 (Chrono Boost)  
  32  3:34  Stalker  
  34  3:47  Twilight Council  
  34  3:53  Stalker  
  36  4:13  Stalker  
  36  4:15  Stalker  
  40  4:27  Stalker, Blink  
  42  4:35  Stalker  
  44  4:39  Zealot  
  44  4:44  Stalker  
  48  4:55  Sentry  
  50  5:00  Zealot  
  52  5:07  Stalker  
  54  5:31  Nexus  
  54  5:35  Probe (Chrono Boost)  
  55  5:56  Pylon  
  55  5:59  Probe, Pylon  
  42  6:25  Stalker  
  42  6:26  Stalker x3  
  42  6:28  Probe  
Tags
 
League
Gold
Matchup
PvP
Spawn Locations
Cross Positions
Add a new tag
Caveats
  • Supply blocks, unpowered buildings, or Contaminate may cause inaccurate times.
  • Supply counts are checked every 10 seconds.